 Dungeon Crawl Stone Soup version 0.31-a0-1611-g890cdf5628 (webtiles) character file.

Game seed: 11833949494012498845

2835 AlmostDecent the Frost Mage (level 9, -1/66 HPs)
             Began as a Gnoll Ice Elementalist on Jan 9, 2024.
             Slain by an unseen horror (5 damage)
             ... on level 8 of the Dungeon.
             The game lasted 00:29:44 (7143 turns).

AlmostDecent the Frost Mage (GnIE)                  Turns: 7143, Time: 00:29:45

Health: -1/66      AC:  8    Str:  7    XL:     9   Next: 73%
Magic:  16/19      EV: 16    Int: 27    God:
Gold:   434        SH:  0    Dex: 19    Spells: 7/21 levels left

rFire   . . .        z - +1 short sword (venom)
rCold   . . .        (no shield)
rNeg    . . .        t - +5 robe of Trial and Error {rPois Int+2}
rPois   +            (no helmet)
rElec   .            (no cloak)
rCorr   .            (no gloves)
SInv    .            x - +0 pair of boots
Will    .....        (no amulet)
Stlth   ++++         h - +6 ring of dexterity
HPRegen 0.31/turn    p - +6 ring of intelligence
MPRegen 0.16/turn

%: no passive effects
@: hasted, very quick
A: fangs 1, strong nose, distributed training
a: no special abilities


You were on level 8 of the Dungeon.
You visited 2 branches of the dungeon, and saw 9 of its levels.

You collected 434 gold pieces.

Inventory:

Hand Weapons
 d - a +0 short sword
 l - a +0 rapier
 r - a +2 vampiric whip
 z - a +1 short sword of venom (weapon)
 C - a +0 falchion
 I - a +2 glaive of flaming
Armour
 t - the +5 robe of Trial and Error (worn) {rPois Int+2}
   (You found it on level 3 of the Dungeon)

   Int+2:     It affects your intelligence (+2).
   rPois:     It protects you from poison
 w - the +4 chain mail of the Kappa {rC+}
   (You found it on level 4 of the Dungeon)

   rC+:       It protects you from cold.
 x - a +0 pair of boots (worn)
 F - a +1 pair of gloves
Jewellery
 h - a +6 ring of dexterity (left hand)
 i - a ring of resist corrosion
 p - a +6 ring of intelligence (right hand)
Wands
 q - a wand of flame (23)
 E - a wand of paralysis (12)
 J - a wand of mindburst (17)
Scrolls
 c - 2 scrolls of noise
 g - a scroll of enchant armour
 k - 3 scrolls of revelation
 v - a scroll of amnesia
 y - a scroll of silence
 D - a scroll of vulnerability
Potions
 a - a potion of experience
 b - a potion of magic
 e - 2 potions of might
 f - a potion of ambrosia {unknown}
 j - a potion of lignification {unknown}
 m - 4 potions of enlightenment
 n - 2 potions of curing {unknown}
 o - 2 potions of resistance {unknown}
 s - a potion of cancellation {unknown}
 u - 2 potions of haste
 A - 2 potions of brilliance {unknown}
 B - 2 potions of invisibility {unknown}
 G - a potion of heal wounds {unknown}
 H - a potion of mutation {unknown}


   Skills:
 + Level 4.7 Fighting
 + Level 4.7 Short Blades
 + Level 4.7 Long Blades
 + Level 4.7 Axes
 + Level 4.7 Maces & Flails
 + Level 4.7 Polearms
 + Level 4.7 Staves
 + Level 4.7 Ranged Weapons
 + Level 4.7 Throwing
 + Level 4.7 Armour
 + Level 6.6 Dodging
 + Level 6.3 Stealth
 + Level 4.7 Shields
 + Level 4.7 Unarmed Combat
 + Level 6.9 Spellcasting
 + Level 3.9 Conjurations
 + Level 3.9 Hexes
 + Level 3.9 Summonings
 + Level 3.9 Necromancy
 + Level 3.9 Translocations
 + Level 3.9 Fire Magic
 + Level 8.2 Ice Magic
 + Level 3.9 Air Magic
 + Level 3.9 Earth Magic
 + Level 3.9 Alchemy
 + Level 5.2 Invocations
 + Level 4.7 Evocations
 + Level 4.2 Shapeshifting


You had 7 spell levels left.
You knew the following spells:

 Your Spells              Type           Power      Damage    Failure   Level
a - Freeze                Ice            100%       1d10      1%          1
b - Frozen Ramparts       Ice            100%       1d16      1%          3
c - Ozocubu's Armour      Ice            52%        N/A       1%          3
d - Summon Ice Beast      Ice/Summ       42%        N/A       1%          3
e - Summon Lightning Spi  Summ/Air       30%        N/A       12%         4

Your spell library contained the following spells:

 Spells                   Type           Power      Damage    Failure   Level
 Static Discharge         Conj/Air       60%        3-6/arc   1%          2
 Call Canine Familiar     Summ           30%        N/A       3%          3
 Sigil of Binding         Hex            30%        N/A       3%          3
 Airstrike                Air            15%        2d(3-19)  12%         4
 Dimensional Bullseye     Hex/Tloc       15%        N/A       12%         4
 Leda's Liquefaction      Alch/Erth      15%        N/A       12%         4
 Petrify                  Alch/Erth      30%        N/A       12%         4
 Metabolic Englaciation   Hex/Ice        21%        N/A       14%         5


Dungeon Overview and Level Annotations

Branches:
Dungeon (8/15)             Temple (1/1) D:6
   Lair: D:8-11

Altars:
Ashenzari
Cheibriados
Dithmenos
Elyvilon
Fedhas
Hepliaklqana
Kikubaaqudgha
Makhleb
Nemelex Xobeh
Okawaru
Qazlal
Ru
Sif Muna
Trog
Uskayaw
Wu Jian
The Shining One


Innate Abilities, Weirdness & Mutations

You have very sharp teeth.
Your uncanny sense of smell can sniff out nearby items.
Your experience applies equally to all skills.


Message History

You closely miss something. Something hits you but does no damage.
Found a stone staircase leading up.
Something hits you! Something hits you. Something barely misses you.
Something hits you but does no damage.
Casting: Frozen Ramparts (safe; 1% risk of failure)
Confirm with . or Enter, or press ? or * to list all spells.
A chill wind blows around you. Something hits you. Something barely misses you.
Something hits you.
* * * LOW HITPOINT WARNING * * *
You swap places.
Something closely misses your ice beast.
Something hits your ice beast! Something misses your ice beast.
Something barely misses your ice beast.
Something closely misses your ice beast.
Something hits your ice beast.
Something hits your ice beast but does no damage.
Something hits your ice beast. x2
Something hits your ice beast. Something hits your ice beast.
Something barely misses your ice beast. Something hits your ice beast.
Something hits your ice beast. Something hits your ice beast!
Your ice beast dies!
Your ice beast disappears in a puff of smoke!
Casting: Summon Ice Beast (safe; 1% risk of failure)
Confirm with . or Enter, or press ? or * to list all spells.
A film of ice covers your body! Something hits you but does no damage.
Something hits you but does no damage.
Your icy armour cracks and falls away as you move.
Something hits you but does no damage.
You hit something but do no damage. Something hits you.
* * * LOW HITPOINT WARNING * * *
Something hits you.
* * * LOW HITPOINT WARNING * * *
You feel yourself speed up. Something barely misses you. Something hits you!
* * * LOW HITPOINT WARNING * * *
You hit something. Something hits you.
You die...

#.#
#.#
#.#
....
..#
#.#
#.##
#.#
#.#
.
..#
#.#
##
...
#.#
###
#.##
#..#
##.#
#@#
#.#
#.#
#.#
#.#
.<#
###


There were no monsters in sight!

Vanquished Creatures
  Pikel (D:8)
  An orc warrior (D:8)
  2 sky beasts
  A black bear (D:5)
  An ogre (D:5)
  3 lemures (D:8)
  A phantom (D:6)
  2 bullfrogs
  4 scorpions
  4 killer bees (D:7)
  2 bombardier beetles
  A jelly (D:6)
  6 orc priests
  5 hounds
  4 sleepcaps
  Natasha (D:4)
  5 iguanas
  11 orc wizards
  8 adders
  2 white imps (D:6)
  2 dart slugs
  2 ribbon worms
  43 orcs
  8 ball pythons
  7 endoplasms
  3 giant cockroaches
  6 goblins
  3 hobgoblins
  5 jackals
  9 quokkas
  3 bats
  2 frilled lizards (D:1)
  7 kobolds
  6 rats
171 creatures vanquished.

Vanquished Creatures (collateral kills)
  An ice beast (D:7)
  4 gnolls (D:5)
5 creatures vanquished.

Vanquished Creatures (others)
  A human (D:3)
1 creature vanquished.

Grand Total: 177 creatures vanquished

Notes
Turn   | Place    | Note
-------+----------+-------------------------------------------
     0 | D:1      | AlmostDecent the Gnoll Ice Elementalist began the quest for
                  | the Orb.
     0 | D:1      | Reached XP level 1. HP: 13/13 MP: 6/6
   106 | D:1      | Reached XP level 2. HP: 19/19 MP: 3/7
  1083 | D:2      | Reached skill level 5 in Spellcasting
  1083 | D:2      | Reached XP level 3. HP: 25/25 MP: 1/9
  1087 | D:2      | Learned a level 3 spell: Frozen Ramparts
  1091 | D:2      | Learned a level 3 spell: Ozocubu's Armour
  1095 | D:2      | Learned a level 3 spell: Summon Ice Beast
  1761 | D:3      | Reached skill level 1 in Invocations
  1962 | D:3      | Reached skill level 1 in Fighting
  1962 | D:3      | Reached skill level 1 in Short Blades
  1962 | D:3      | Reached skill level 1 in Long Blades
  1962 | D:3      | Reached skill level 1 in Axes
  1962 | D:3      | Reached skill level 1 in Maces & Flails
  1962 | D:3      | Reached skill level 1 in Polearms
  1962 | D:3      | Reached skill level 1 in Staves
  1962 | D:3      | Reached skill level 1 in Ranged Weapons
  1962 | D:3      | Reached skill level 1 in Throwing
  1962 | D:3      | Reached skill level 1 in Armour
  1962 | D:3      | Reached skill level 1 in Shields
  1962 | D:3      | Reached skill level 1 in Unarmed Combat
  1962 | D:3      | Reached skill level 1 in Evocations
  1998 | D:3      | Reached skill level 1 in Shapeshifting
  1998 | D:3      | Reached XP level 4. HP: 20/32 MP: 1/11
  2138 | D:3      | Identified the +5 robe of Trial and Error {rPois Int+2}
  2476 | D:3      | Found an ancient bone altar of Kikubaaqudgha.
  2477 | D:3      | Noticed a human
  2479 | D:3      | Killed a human
  2514 | D:4      | Reached skill level 1 in Conjurations
  2514 | D:4      | Reached skill level 1 in Hexes
  2514 | D:4      | Reached skill level 1 in Summonings
  2514 | D:4      | Reached skill level 1 in Necromancy
  2514 | D:4      | Reached skill level 1 in Translocations
  2514 | D:4      | Reached skill level 1 in Fire Magic
  2514 | D:4      | Reached skill level 1 in Air Magic
  2514 | D:4      | Reached skill level 1 in Earth Magic
  2514 | D:4      | Reached skill level 1 in Alchemy
  2587 | D:4      | Reached XP level 5. HP: 31/37 MP: 6/12
  2797 | D:4      | Identified the +4 chain mail of the Kappa {rC+}
  3015 | D:4      | Noticed Natasha
  3024 | D:4      | Killed Natasha
  3116 | D:5      | Entered Level 5 of the Dungeon
  3125 | D:5      | Reached XP level 6. HP: 41/44 MP: 8/14
  3130 | D:5      | Learned a level 4 spell: Summon Lightning Spire
  3194 | D:5      | Noticed a black bear
  3197 | D:5      | Reached skill level 5 in Dodging
  3204 | D:5      | Reached XP level 7. HP: 47/50 MP: 9/15
  3345 | D:5      | Reached skill level 5 in Stealth
  3898 | D:5      | Found a blossoming altar of Fedhas.
  3930 | D:5      | Found a bloodstained altar of Trog.
  4093 | D:6      | Reached XP level 8. HP: 53/58 MP: 12/16
  4889 | D:6      | Found a staircase to the Ecumenical Temple.
  4893 | Temple   | Entered the Ecumenical Temple
  5249 | D:7      | Reached XP level 9. HP: 58/65 MP: 16/18
  5485 | D:7      | Found a hazy altar of Hepliaklqana.
  5524 | D:7      | HP: 1/65 [ice beast (5)]
  5651 | D:7      | Reached skill level 8 in Ice Magic
  5838 | D:7      | Found an iron altar of Okawaru.
  6459 | D:8      | Found a shadowy altar of Dithmenos.
  6893 | D:8      | Noticed Pikel
  6904 | D:8      | Killed Pikel
  6905 | D:8      | Reached skill level 5 in Invocations
  7143 | D:8      | Slain by an unseen horror

Illustrated notes

Levels and vault maps discovered:
D:1:      kennysheep_arrival_forest, layout_basic, minmay_large_rounded_square
D:2:      wander_river, layout_loops_ring
D:3:      layout_rooms, tgw_kikubaaqudgha, kennysheep_generic_room_12
D:4:      layout_gridville, uniq_natasha
D:5:      layout_cave_pools, trog_book, fedhas_ov_isle_minmay,
          minmay_fractal_squares_diagonal_5
D:6:      layout_rooms, temple_hall_moat
D:7:      layout_loops_cross, okawaru_ov_weapons_minmay,
          mainiacjoe_overflow_paths, minmay_hedge_maze
D:8:      layout_loops_ring, old_standard_altar, uniq_pikel
Temple:   grunt_temple_mini_profane

Skill      XL: |  1  2  3  4  5  6  7  8  9 |
---------------+----------------------------+-----
Spellcasting   | 5 6 |  6.9
Invocations    | 1 2 3 4 5 |  5.2
Fighting       | 1 2 3 4 |  4.7
Short Blades   | 1 2 3 4 |  4.7
Long Blades    | 1 2 3 4 |  4.7
Axes           | 1 2 3 4 |  4.7
Maces & Flails | 1 2 3 4 |  4.7
Polearms       | 1 2 3 4 |  4.7
Staves         | 1 2 3 4 |  4.7
Ranged Weapons | 1 2 3 4 |  4.7
Throwing       | 1 2 3 4 |  4.7
Armour         | 1 2 3 4 |  4.7
Shields        | 1 2 3 4 |  4.7
Unarmed Combat | 1 2 3 4 |  4.7
Evocations     | 1 2 3 4 |  4.7
Shapeshifting  | 1 2 3 4 |  4.2
Conjurations   | 1 2 3 |  3.9
Hexes          | 1 2 3 |  3.9
Summonings     | 1 2 3 |  3.9
Necromancy     | 1 2 3 |  3.9
Translocations | 1 2 3 |  3.9
Fire Magic     | 1 2 3 |  3.9
Air Magic      | 1 2 3 |  3.9
Earth Magic    | 1 2 3 |  3.9
Alchemy        | 1 2 3 |  3.9
Dodging        | 5 6 |  6.6
Stealth        | 5 6 |  6.3
Ice Magic      | 8 |  8.2

Action                     |  1- 3 |  4- 6 |  7- 9 || total
---------------------------+-------+-------+-------++-------
  Melee: Short sword       |     5 |       |    83 ||    88
         Punch             |     1 |       |     6 ||     7
         Whip              |     7 |    37 |    51 ||    95
         Rapier            |     4 |       |       ||     4
         Bite              |     1 |     5 |    23 ||    29
   Cast: Freeze            |    53 |    42 |   102 ||   197
         Frozen Ramparts   |     2 |     6 |    14 ||    22
         Summon Ice Beast  |       |       |     5 ||     5
         Ozocubu's Armour  |       |       |     1 ||     1
    Use: Scroll            |       |     4 |     9 ||    13
         Potion            |       |       |     1 ||     1
   Stab: Distracted        |       |     1 |     1 ||     2
         Sleeping          |       |     1 |       ||     1
 Armour: Robe              |    21 |    27 |   117 ||   165
  Dodge: Dodged            |    35 |    42 |   137 ||   214

Table legend: (Time is in decaauts)
 A = Elapsed time spent in this place.
 B = Non-inter-level travel time spent in this place.
 C = Inter-level travel time spent in this place.
 D = Time resting spent in this place.
 E = Time spent auto-exploring this place.
 F = Levels seen in this place.
 G = Mean time per level.
                   A        B        C        D        E       F      G
               +--------+--------+--------+--------+--------+-----+--------+
         Total |   7146 |   6749 |    397 |      0 |   5418 |   9 |  794.0 |
       Dungeon |   7022 |   6744 |    278 |      0 |   5418 |   8 |  877.8 |
        Temple |    123 |      4 |    119 |      0 |      0 |   1 |  123.0 |
               +--------+--------+--------+--------+--------+-----+--------+

Top non-repeatable levels by time:
     D:7: 1153 daAuts
     D:1: 1038 daAuts
     D:5: 965 daAuts
     D:8: 896 daAuts
     D:6: 867 daAuts
     D:3: 769 daAuts
     D:2: 725 daAuts
     D:4: 606 daAuts
  Temple: 123 daAuts
